 Dungeon Crawl Stone Soup version 0.30-a0-341-g682706514a (webtiles) character file.

Game seed: 7930228765454561100

56 night the Trooper (level 3, -5/37 HPs)
             Began as an Ogre Reaver on Nov 3, 2022.
             Slain by Ijyb
             ... wielding a +2 dagger of venom
              (7 damage)
             ... on level 2 of the Dungeon.
             The game lasted 00:02:50 (1429 turns).

night the Trooper (Ogre Reaver)                     Turns: 1429, Time: 00:02:51

Health: -5/37      AC:  3    Str: 16    XL:     3   Next: 95%
Magic:  3/7        EV:  9    Int: 16    God:
Gold:   94         SH:  0    Dex:  7    Spells: 2/8 levels left

rFire   . . .      SeeInvis .    a - +0 mace
rCold   . . .      Faith    .    (no shield)
rNeg    . . .      Spirit   .    b - +0 robe
rPois   .          Reflect  .    (helmet restricted)
rElec   .          Harm     .    (no cloak)
rCorr   .          Rampage  .    (gloves unavailable)
Will    .....                    (boots unavailable)
Stlth   +.........               (no amulet)
HPRegen 0.26/turn                (no ring)
MPRegen 0.10/turn                (no ring)

@: confused, lethally poisoned (-5 -> -20), ambrosia-drunk, very slightly
contaminated
A: large, unfitting armour, tough skin 1
a: no special abilities


You were on level 2 of the Dungeon.
You visited 1 branch of the dungeon, and saw 2 of its levels.

You collected 94 gold pieces.

Inventory:

Hand Weapons
 a - a +0 mace (weapon)
Missiles
 c - 26 stones
Armour
 b - a +0 robe (worn)
Scrolls
 g - a scroll of identify
 h - a scroll of vulnerability
 j - a scroll of summoning {unknown}
 k - a scroll of fear {unknown}
 l - a scroll of blinking
Potions
 d - a potion of ambrosia
 e - a potion of curing {unknown}
 f - a potion of might {unknown}
 i - a potion of haste {unknown}


   Skills:
 + Level 3.5 Fighting
 + Level 3.1 Maces & Flails
 - Level 1.7 Dodging
 + Level 3.1 Spellcasting
 + Level 3.1 Conjurations


You had 2 spell levels left.
You knew the following spells:

 Your Spells              Type           Power      Damage    Failure   Level
a - Kiss of Death         Conj/Necr      28%        2d7       10%         1
b - Momentum Strike       Conj/Tloc      14%        3d8       14%         2
c - Hailstorm             Conj/Ice       7%         3d4       28%         3

Your spell library contained the following spells:

 Spells                   Type           Power      Damage    Failure   Level
 Gell's Gravitas          Tloc           2%         N/A       50%         3
 Teleport Other           Tloc           2%         N/A       50%         3
 Dispersal                Tloc           1%         N/A       100%        6


Dungeon Overview and Level Annotations

Branches:
Dungeon (2/15)

Altars:

Annotations:
D:2 Ijyb


Innate Abilities, Weirdness & Mutations

You are too large for most types of armour.
You have tough skin. (AC +1)


Message History

The concentrated momentum hits Ijyb!
You are unable to move.
Ijyb zaps a wand.
The puff of flame misses you.
Casting: Momentum Strike (safe; 14% risk of failure)
Confirm with . or Enter, or press ? or * to list all spells.
Aiming: Kiss of Death (safe; 10% risk of failure)
Press: ? - help, Shift-Dir - straight line, f/p - Ijyb
Aim: Ijyb, wielding a +2 dagger of venom, wearing a +0 chain mail and carrying a wand of flame (2) (severely wounded, 100% to hit)
You miscast Kiss of Death.
Nothing appears to happen.
Ijyb zaps a wand.
The puff of flame hits you.
You cannot move.
You cannot move.
You cannot move.
You cannot move.
You cannot move.
You aren't carrying any items that you can evoke.
You aren't carrying any pieces of jewellery.
You completely miss Ijyb.
Ijyb is severely wounded.
Ijyb zaps a wand.
The puff of flame hits you!
The now-empty wand crumbles to dust.
You hit Ijyb but do no damage.
Ijyb is severely wounded.
Ijyb hits you with a +2 dagger of venom!
* * * LOW HITPOINT WARNING * * *
You are poisoned.
You hit Ijyb but do no damage.
Ijyb is severely wounded.
* * * LOW HITPOINT WARNING * * *
You feel very sick.
Ijyb hits you with a +2 dagger of venom.
* * * LOW HITPOINT WARNING * * *
You are more poisoned.
It was a potion of ambrosia.
You are confused.
You feel invigorated.
You are no longer robbed of momentum.
* * * LOW HITPOINT WARNING * * *
You feel very sick.
Ijyb hits you with a +2 dagger of venom!
You die...

.........# 8.8.8...#.#....#..#.
.##.##.### .gg.....#.#....#..#.
.##.##.# ........#......#..#.
.##....# ...g....###..#.#.##.
†####### ................###.
.###### .g..................
.#....# 8.8.8...#...........
.#....##############.#.##.#.#####
......+......†..@g.....##.#.#
##....############.#.####.#.#
##....# #..#......#.#
##....###########..####.....#
......#.........#..####.#####
#####.#.#######.#.........#
#####.#<#.....#.#...###.#.#
#.......#.###.#.#...# #.#.#
#>......#.#.........# #.#.#


You could see Ijyb.

Vanquished Creatures
  An adder (D:2)
  6 ball pythons
  3 bats
  2 endoplasms
  A giant cockroach (D:2)
  9 goblins
  6 hobgoblins
  7 kobolds
  3 quokkas
  5 frilled lizards (D:1)
  2 rats (D:1)
45 creatures vanquished.

Notes
Turn   | Place    | Note
-------+----------+-------------------------------------------
     0 | D:1      | night the Ogre Reaver began the quest for the Orb.
     0 | D:1      | Reached XP level 1. HP: 22/22 MP: 3/3
   145 | D:1      | Found a faded altar of an unknown god.
   157 | D:1      | Reached XP level 2. HP: 27/31 MP: 5/5
   444 | D:1      | Reached XP level 3. HP: 37/37 MP: 7/7
   490 | D:1      | Learned a level 2 spell: Momentum Strike
   498 | D:1      | Learned a level 3 spell: Hailstorm
  1419 | D:2      | Noticed Ijyb
  1428 | D:2      | HP: 2/37 [Ijyb/+2 dagger of venom (6)]
  1429 | D:2      | Slain by Ijyb

Illustrated notes

Levels and vault maps discovered:
D:1:      ncdulo_wetmaze, layout_loops_ring, ebering_ecumenical_altar_rust,
          chequers_serial_rivers_marsh, nrook_uturn, chequers_arboretum
D:2:      kennysheep_the_goblin_king, layout_basic, serial_shops,
          nicolae_shop_trees

Skill      XL: |  1  2  3 |
---------------+----------+-----
Fighting       | 3 |  3.5
Maces & Flails | 3 |  3.1
Conjurations   | 3 |  3.1
Spellcasting   | 3 |  3.1
Dodging        | |  1.7

Action                   || total
-------------------------++-------
Melee: Mace              ||   127
 Cast: Momentum Strike   ||     3
  Use: Scroll            ||     2
       Potion            ||     1
Armor: Robe              ||    42
Dodge: Dodged            ||    53

Table legend: (Time is in decaauts)
 A = Elapsed time spent in this place.
 B = Non-inter-level travel time spent in this place.
 C = Inter-level travel time spent in this place.
 D = Time resting spent in this place.
 E = Time spent auto-exploring this place.
 F = Levels seen in this place.
 G = Mean time per level.
                   A        B        C        D        E       F      G
               +--------+--------+--------+--------+--------+-----+--------+
         Total |   1472 |   1435 |     37 |     63 |   1052 |   2 |  736.0 |
       Dungeon |   1472 |   1435 |     37 |     63 |   1052 |   2 |  736.0 |
               +--------+--------+--------+--------+--------+-----+--------+

Top non-repeatable levels by time:
     D:1: 894 daAuts
     D:2: 577 daAuts
